 Dungeon Crawl Stone Soup version 0.29-a0-294-g83ea962da3 (webtiles) character file.

Game seed: 18212803722274323012

5905 esteth the Archer (level 10, -5/79 HPs)
             Began as a Gnoll Hunter on Mar 18, 2022.
             Was an Initiate of Gozag.
             Slain by a two-headed ogre
             ... wielding a +0 giant spiked club
              (11 damage)
             ... on level 10 of the Dungeon.
             The game lasted 00:22:28 (11160 turns).

esteth the Archer (Gnoll Hunter)                   Turns: 11160, Time: 00:22:29

Health: -5/79      AC: 10    Str: 11    XL:     10   Next: 82%
Magic:  5/18       EV: 15    Int: 19    God:    Gozag
Gold:   346        SH:  5    Dex: 15    Spells: 16/20 levels left

rFire   . . .      SeeInvis .   a - +1 shortbow
rCold   . . .      Faith    .   (shield currently unavailable)
rNeg    . . .      Spirit   .   E - +2 robe of Follow the Leader {Int+4}
rPois   .          Reflect  +   M - +0 helmet
rElec   .          Harm     .   m - +0 cloak
rCorr   +          Rampage  .   O - +1 pair of gloves
Will    .....      Clarity  +   f - +0 pair of boots
Stlth   +++.......              B - amulet of reflection
HPRegen 0.23/turn               R - ring of resist corrosion
MPRegen 0.16/turn               (no ring)

@: lethally poisoned (-5 -> -6), very slightly contaminated
A: fangs 1, strong nose, distributed training, clarity, clever 1, MP-powered
wands
a: Renounce Religion, Potion Petition, Call Merchant, Bribe Branch


You were on level 10 of the Dungeon.
You worshipped Gozag.
Gozag was aware of your devotion.
You visited 2 branches of the dungeon, and saw 11 of its levels.

You collected 1161 gold pieces.
You paid 815 gold pieces to Gozag.


Innate Abilities, Weirdness & Mutations

You have very sharp teeth.
Your uncanny sense of smell can sniff out nearby items.
Your experience applies equally to all skills.
You possess an exceptional clarity of mind.
Your mind is acute. (Int +2)
You expend magic power (3 MP) to strengthen your wands.


   Skills:
 + Level 7.3 Fighting
 + Level 5.6 Short Blades
 + Level 5.6 Long Blades
 + Level 5.6 Axes
 + Level 5.6 Maces & Flails
 + Level 5.6 Polearms
 + Level 5.6 Staves
 + Level 5.6 Slings
 + Level 10.2 Bows
 + Level 5.6 Crossbows
 + Level 5.6 Throwing
 + Level 5.6 Armour
 + Level 7.3 Dodging
 + Level 6.1 Stealth
 + Level 5.6 Shields
 + Level 5.6 Unarmed Combat
 + Level 5.6 Spellcasting
 + Level 4.6 Conjurations
 + Level 4.6 Hexes
 + Level 4.6 Summonings
 + Level 4.6 Necromancy
 + Level 4.6 Translocations
 + Level 4.6 Transmutations
 + Level 4.6 Fire Magic
 + Level 4.6 Ice Magic
 + Level 4.6 Air Magic
 + Level 4.6 Earth Magic
 + Level 4.6 Poison Magic
 + Level 6.2 Invocations
 + Level 5.6 Evocations


You had 16 spell levels left.
You knew the following spells:

 Your Spells              Type           Power      Damage    Failure   Level
o - Olgreb's Toxic Radia  Pois           23%        N/A       17%         4

Your spell library contained the following spells:

 Spells                   Type           Power      Damage    Failure   Level
 Animate Skeleton         Necr           46%        N/A       1%          1
 Apportation              Tloc           46%        N/A       1%          1
 Pain                     Necr           92%        1d8       1%          1
 Inner Flame              Hex/Fire       23%        N/A       5%          3
 Vampiric Draining        Necr           23%        2d7       5%          3
 Cause Fear               Hex            11%        N/A       17%         4
 Alistair's Intoxication  Tmut/Pois      15%        N/A       43%         5
 Blade Hands              Tmut           11%        N/A       43%         5
 Freezing Cloud           Conj/Ice/Air   11%        6-21      43%         5
 Irradiate                Conj/Tmut      11%        3d17      43%         5
 Simulacrum               Ice/Necr       11%        N/A       95%         6
 Dragon Form              Tmut           11%        N/A       100%        7
 Ozocubu's Refrigeration  Ice            11%        4d7       100%        7
 Discord                  Hex            11%        N/A       100%        8
 Ignition                 Fire           11%        3d5       100%        8
 Polar Vortex             Ice            11%        N/A       100%        9

Inventory:

Hand Weapons
 a - a +1 shortbow (weapon)
 b - the +6 falchion of Exkeligo {pain, rC- rN+ Str+4 Int+5}
   (You found it on level 10 of the Dungeon)

   In the hands of one skilled in necromantic magic, it inflicts extra damage on
   living creatures.
   Str:       It affects your strength (+4).
   Int:       It affects your intelligence (+5).
   rC:        It makes you vulnerable to cold.
   rN:        It protects you from negative energy.
Missiles
 d - 288 stones
 k - 68 poisoned darts
 r - 5 throwing nets {=f!f}
 z - 2 boomerangs
Armour
 f - a +0 pair of boots (worn)
   (You found it on level 1 of the Dungeon)
 i - a +0 plate armour
   (You found it on level 10 of the Dungeon)
 m - a +0 cloak (worn)
   (You found it on level 1 of the Dungeon)
 D - the +5 plate armour of Mental Paralysis {rF+ rN+ rCorr}
   (You found it on level 9 of the Dungeon)

   rF:        It protects you from fire.
   rN:        It protects you from negative energy.
   rCorr:     It protects you from acid and corrosion.
 E - the +2 robe of Follow the Leader (worn) {Int+4}
   (You found it on level 3 of the Dungeon)

   Int:       It affects your intelligence (+4).
 J - the +1 robe "Raepor" {rElec Will+}
   (You found it on level 4 of the Dungeon)

   rElec:     It insulates you from electricity.
   Will:      It increases your willpower.
 M - a +0 helmet (worn)
   (You found it on level 4 of the Dungeon)
 O - a +1 pair of gloves (worn)
   (You found it on level 3 of the Dungeon)
 S - a +2 chain mail of willpower
   (You found it on level 5 of the Dungeon)
Magical Staves
 h - a staff of cold {!a}
   (You found it on level 10 of the Dungeon)
 X - a staff of earth {!a}
   (You found it on level 7 of the Dungeon)
Jewellery
 B - an amulet of reflection (around neck)
   (You found it on level 3 of the Dungeon)
 C - a ring of ice
   (You found it on level 1 of the Dungeon)
 G - an amulet of guardian spirit
   (You found it on level 6 of the Dungeon)
 Q - an amulet of magic regeneration
   (You found it on level 4 of the Dungeon)
 R - a ring of resist corrosion (left hand)
   (You found it on level 3 of the Dungeon)
Wands
 l - a wand of iceblast (10)
   (You took it off a kobold on level 8 of the Dungeon)
 n - a wand of polymorph (11)
   (You found it on level 8 of the Dungeon)
 P - a wand of flame (30)
   (You found it on level 6 of the Dungeon)
 U - a wand of digging (2)
   (You found it on level 10 of the Dungeon)
Scrolls
 c - a scroll of immolation {!r!r}
 e - 13 scrolls of identify {unknown}
 g - 2 scrolls of noise {!r}
 o - a scroll of magic mapping {unknown}
 q - a scroll of blinking {unknown}
 s - a scroll of enchant armour {unknown}
 u - 2 scrolls of vulnerability {!r!r}
 v - a scroll of fog {unknown}
 y - 2 scrolls of brand weapon {unknown}
 L - 2 scrolls of holy word {unknown}
 N - a scroll of amnesia
 Z - a scroll of enchant weapon {unknown}
Potions
 j - a potion of magic
 t - a potion of haste {@q3}
 x - a potion of mutation {!q}
 K - 2 potions of degeneration {!q}
 Y - a potion of curing {@q1}
Miscellaneous
 p - a tin of tremorstones (2/2)
   (You found it on level 9 of the Dungeon)

Dungeon Overview and Level Annotations

Branches:
Dungeon (10/15)            Temple (1/1) D:5
   Lair: D:8-11         Orc: D:9-12

Altars:
Ashenzari
Cheibriados
Dithmenos
Elyvilon
Fedhas
Gozag
Hepliaklqana
Kikubaaqudgha
Makhleb
Nemelex Xobeh
Okawaru
Qazlal
Ru
Sif Muna
Trog
Uskayaw
Vehumet
Wu Jian
Xom
Yredelemnul
Zin
The Shining One

Shops:
D:3 *   D:6 [

Portals:
Abyss: D:9

Annotations:
D:2 1 runed translucent door, Crazy Yiuf
D:6 exclusion: downstairs
D:9 2 transporters, exclusion: 2 downstairs, conein's ghost, novice PaWr
D:10 exclusion: ugly thing

..#######..#########.............
..#######..#########............
.................>..............
...............$................
########..########.###########..
#..# #.# . #..# #.#
########..########$###########.
.......<.......O@..............
..............................
###..........................
#..########............########
###.........)....................
.................................
###..........######..............
#..........# #.##########..#
#.......)..# #.##########..#


You could see a two-headed ogre (poisoned).


Message History

😮 HP[-1] MP[-4]
You take 1 damage, and now have 54/79 hp.
You lost 4 mp, and now have 10/18 mp.
The orc warrior looks as sick as possible!
Your toxic aura wanes.
You feel very sick.
The orc warrior throws a poisoned dart.
The poisoned dart misses you. 😮 HP[-4]
You take 4 damage, and now have 50/79 hp.
You feel very sick. 😮 HP[-3]
You take 3 damage, and now have 47/79 hp.
You are too injured to fight recklessly!
Shoot: a) +1 shortbow
Press: ? - help, Shift-Dir - straight line, f/p - orc warrior
Aim: an orc warrior, wielding a +0 glaive, wearing a +0 plate armour and quivering poisoned darts (almost dead, extremely poisoned, 68% to hit)
You shoot an arrow.
The arrow barely misses the orc warrior.
You feel sick.
You kill the orc warrior! 😮 HP[-2] MP[+1]
You take 2 damage, and now have 45/79 hp.
You feel sick.
You feel sick.
You feel sick.
You feel sick.
You feel sick.
You feel sick.
You feel sick.
You are no longer poisoned.
A two-headed ogre is nearby! 😮 HP[+4] MP[+7]
You regained 4 hp, and now have 49/79 hp.
Your mp is fully restored (18).
Casting: Olgreb's Toxic Radiance (dangerous; 17% risk of failure)
Confirm with . or Enter, or press ? or * to list all spells.
You begin to radiate toxic energy.
The two-headed ogre is poisoned. 😮 MP[-4]
You lost 4 mp, and now have 14/18 mp.
Casting: Olgreb's Toxic Radiance (dangerous; 17% risk of failure)
Confirm with . or Enter, or press ? or * to list all spells.
Your toxic radiance grows in intensity.
The two-headed ogre looks even sicker. x2 😮 MP[-4]
You lost 4 mp, and now have 10/18 mp.
Casting: Olgreb's Toxic Radiance (dangerous; 17% risk of failure)
Confirm with . or Enter, or press ? or * to list all spells.
You miscast Olgreb's Toxic Radiance.
You are very lightly contaminated with residual magic.
You feel odd!
You are poisoned.
* * * LOW HITPOINT WARNING * * *
The two-headed ogre looks as sick as possible!
You feel sick. 😨 HP[-13] MP[-4]
You take 13 damage, and now have 36/79 hp.
You lost 4 mp, and now have 6/18 mp.
Shoot: a) +1 shortbow
Press: ? - help, Shift-Dir - straight line, f - two-headed ogre
Aim: a two-headed ogre, wielding a +0 giant spiked club and a +0 giant club (moderately wounded, extremely poisoned, 80% to hit)
You shoot an arrow. The arrow hits the two-headed ogre.
Your toxic aura wanes.
You feel sick. 😨 HP[-1]
You take 1 damage, and now have 35/79 hp.
Shoot: a) +1 shortbow
Press: ? - help, Shift-Dir - straight line, f/p - two-headed ogre
Aim: a two-headed ogre, wielding a +0 giant spiked club and a +0 giant club (heavily wounded, extremely poisoned, 80% to hit)
You shoot an arrow. The arrow hits the two-headed ogre!
You feel sick. 😨 HP[-1]
You take 1 damage, and now have 34/79 hp.
You feel sick. 😨 HP[-1] MP[+1]
You take 1 damage, and now have 33/79 hp.
You feel sick.
You are no longer poisoned. 😨 HP[+1] 😨 MP[+1] 😨 HP[+1]
Casting: Olgreb's Toxic Radiance (dangerous; 17% risk of failure)
Confirm with . or Enter, or press ? or * to list all spells.
You miscast Olgreb's Toxic Radiance.
You feel rather nauseous for a moment!
You are poisoned.
* * * LOW HITPOINT WARNING * * *
You feel sick. 😨 HP[-10] MP[-4]
You take 10 damage, and now have 25/79 hp.
You lost 4 mp, and now have 4/18 mp.
You feel sick. 😨 HP[-1]
You take 1 damage, and now have 24/79 hp.
Shoot: a) +1 shortbow
Press: ? - help, Shift-Dir - straight line, f/p - two-headed ogre
Aim: a two-headed ogre, wielding a +0 giant spiked club and a +0 giant club (almost dead, poisoned, 80% to hit)
You shoot an arrow. The arrow hits the two-headed ogre.
You feel sick.
The two-headed ogre hits you with a +0 giant spiked club!
* * * LOW HITPOINT WARNING * * *
The two-headed ogre hits you with a +0 giant club!
You die...
Your body crumbles into a pile of gold.

Skill      XL: |  1  2  3  4  5  6  7  8  9 10 |
---------------+-------------------------------+-----
Short Blades   | 1 2 3 4 5 |  5.6
Long Blades    | 1 2 3 4 5 |  5.6
Axes           | 1 2 3 4 5 |  5.6
Maces & Flails | 1 2 3 4 5 |  5.6
Polearms       | 1 2 3 4 5 |  5.6
Staves         | 1 2 3 4 5 |  5.6
Slings         | 1 2 3 4 5 |  5.6
Crossbows      | 1 2 3 4 5 |  5.6
Throwing       | 1 2 3 4 5 |  5.6
Armour         | 1 2 3 4 5 |  5.6
Shields        | 1 2 3 4 5 |  5.6
Unarmed Combat | 1 2 3 4 5 |  5.6
Spellcasting   | 1 2 3 4 5 |  5.6
Invocations    | 1 2 3 4 5 6 |  6.2
Evocations     | 1 2 3 4 5 |  5.6
Conjurations   | 1 2 3 4 |  4.6
Hexes          | 1 2 3 4 |  4.6
Summonings     | 1 2 3 4 |  4.6
Necromancy     | 1 2 3 4 |  4.6
Translocations | 1 2 3 4 |  4.6
Transmutations | 1 2 3 4 |  4.6
Fire Magic     | 1 2 3 4 |  4.6
Ice Magic      | 1 2 3 4 |  4.6
Air Magic      | 1 2 3 4 |  4.6
Earth Magic    | 1 2 3 4 |  4.6
Poison Magic   | 1 2 3 4 |  4.6
Stealth        | 3 4 5 6 |  6.1
Fighting       | 5 6 7 |  7.3
Dodging        | 5 6 7 |  7.3
Bows           | 9 10 | 10.2

Action                   |  1- 3 |  4- 6 |  7- 9 | 10-12 || total
-------------------------+-------+-------+-------+-------++-------
Melee: Shortbow          |       |       |     2 |     2 ||     4
 Fire: Shortbow          |    50 |   181 |   467 |   267 ||   965
 Cast: Olgreb's Toxic Ra |       |       |       |     7 ||     7
Invok: Potion Petition   |       |       |       |     2 ||     2
  Use: Potion            |       |       |    11 |     1 ||    12
       Scroll            |       |       |     5 |     2 ||     7
Armor: Leather armour    |     4 |    19 |       |       ||    23
       Robe              |       |     9 |    89 |    38 ||   136
Dodge: Dodged            |     6 |    60 |   178 |   118 ||   362
Block: Other             |       |    12 |    78 |    35 ||   125
       Reflection        |       |     1 |     3 |     4 ||     8

Levels and vault maps discovered:
D:1:      minmay_arrival_open_corners, layout_loops_ring
D:2:      layout_basic, uniq_natasha, uniq_crazy_yiuf_cottage
D:3:      layout_rooms, serial_shops, shop, hellmonk_ecumenical_altar_zigzags,
          minmay_between
D:4:      layout_loops_cross, cheibriados_altar_1
D:5:      layout_loops_cross, minmay_temple_entry_stoned_glass
D:6:      layout_basic, serial_shops, nicolae_stop_n_shop_1
D:7:      layout_cave_pools, grunt_temple_overflow_open,
          gammafunk_temple_overflow_pools, uniq_joseph, uniq_menkaure
D:8:      layout_gridville
D:9:      layout_roguey, gammafunk_ghost_abyssal_escape
D:10:     layout_long_grid
Temple:   dpeg_chambers_temple

Notes
Turn   | Place    | Note
-------+----------+-------------------------------------------
     0 | D:1      | esteth the Gnoll Hunter began the quest for the Orb.
     0 | D:1      | Reached XP level 1. HP: 20/20 MP: 1/1
     0 | D:1      | magus.rc [v1.11.3]
    10 | D:1      | You pick up a book of Transfigurations and begin reading...
    10 | D:1      | You add the spells Irradiate, Blade Hands and Dragon Form
                  | to your library.
   110 | D:1      | Reached XP level 2. HP: 26/26 MP: 2/2
   434 | D:1      | Reached XP level 3. HP: 31/31 MP: 3/3
   722 | D:2      | You pick up a book of Necromancy and begin reading...
   722 | D:2      | You add the spells Pain, Animate Skeleton and Vampiric
                  | Draining to your library.
   801 | D:2      | Noticed Natasha
   811 | D:2      | Killed Natasha
   812 | D:2      | Reached skill level 1 in Short Blades
   812 | D:2      | Reached skill level 1 in Long Blades
   812 | D:2      | Reached skill level 1 in Axes
   812 | D:2      | Reached skill level 1 in Maces & Flails
   812 | D:2      | Reached skill level 1 in Polearms
   812 | D:2      | Reached skill level 1 in Staves
   812 | D:2      | Reached skill level 1 in Slings
   812 | D:2      | Reached skill level 1 in Crossbows
   812 | D:2      | Reached skill level 1 in Throwing
   812 | D:2      | Reached skill level 1 in Armour
   812 | D:2      | Reached skill level 1 in Shields
   812 | D:2      | Reached skill level 1 in Unarmed Combat
   812 | D:2      | Reached skill level 1 in Spellcasting
   812 | D:2      | Reached skill level 1 in Invocations
   812 | D:2      | Reached skill level 1 in Evocations
   812 | D:2      | Reached XP level 4. HP: 25/38 MP: 5/5
   892 | D:2      | Noticed Natasha
   895 | D:2      | Killed Natasha
  1004 | D:2      | Noticed Natasha
  1010 | D:2      | Killed Natasha
  1011 | D:2      | Reached skill level 1 in Conjurations
  1011 | D:2      | Reached skill level 1 in Hexes
  1011 | D:2      | Reached skill level 1 in Summonings
  1011 | D:2      | Reached skill level 1 in Necromancy
  1011 | D:2      | Reached skill level 1 in Translocations
  1011 | D:2      | Reached skill level 1 in Transmutations
  1011 | D:2      | Reached skill level 1 in Fire Magic
  1011 | D:2      | Reached skill level 1 in Ice Magic
  1011 | D:2      | Reached skill level 1 in Air Magic
  1011 | D:2      | Reached skill level 1 in Earth Magic
  1011 | D:2      | Reached skill level 1 in Poison Magic
  1347 | D:2      | Reached XP level 5. HP: 42/43 MP: 5/7
  1506 | D:2      | Found a runed translucent door.
  1507 | D:2      | Noticed Crazy Yiuf
  1526 | D:3      | Found Akuompiwn's General Store.
  1716 | D:3      | Found a faded altar of an unknown god.
  1848 | D:3      | Identified the +2 robe of Follow the Leader {Int+4}
  2053 | D:4      | Identified the +1 robe "Raepor" {rElec Will+}
  2119 | D:4      | Reached skill level 2 in Invocations
  2119 | D:4      | Reached XP level 6. HP: 50/50 MP: 8/8
  2128 | D:4      | Reached skill level 3 in Stealth
  2300 | D:4      | Reached skill level 5 in Fighting
  2300 | D:4      | Reached skill level 2 in Short Blades
  2300 | D:4      | Reached skill level 2 in Long Blades
  2300 | D:4      | Reached skill level 2 in Axes
  2300 | D:4      | Reached skill level 2 in Maces & Flails
  2300 | D:4      | Reached skill level 2 in Polearms
  2300 | D:4      | Reached skill level 2 in Staves
  2300 | D:4      | Reached skill level 2 in Slings
  2300 | D:4      | Reached skill level 2 in Crossbows
  2300 | D:4      | Reached skill level 2 in Throwing
  2300 | D:4      | Reached skill level 2 in Armour
  2300 | D:4      | Reached skill level 5 in Dodging
  2300 | D:4      | Reached skill level 2 in Shields
  2300 | D:4      | Reached skill level 2 in Unarmed Combat
  2300 | D:4      | Reached skill level 2 in Spellcasting
  2300 | D:4      | Reached skill level 2 in Evocations
  2589 | D:4      | Found a snail-covered altar of Cheibriados.
  2673 | D:4      | Reached XP level 7. HP: 56/56 MP: 10/10
  2850 | D:5      | Entered Level 5 of the Dungeon
  2858 | D:5      | Reached skill level 2 in Conjurations
  2858 | D:5      | Reached skill level 2 in Hexes
  2858 | D:5      | Reached skill level 2 in Summonings
  2858 | D:5      | Reached skill level 2 in Necromancy
  2858 | D:5      | Reached skill level 2 in Translocations
  2858 | D:5      | Reached skill level 2 in Transmutations
  2858 | D:5      | Reached skill level 2 in Fire Magic
  2858 | D:5      | Reached skill level 2 in Ice Magic
  2858 | D:5      | Reached skill level 2 in Air Magic
  2858 | D:5      | Reached skill level 2 in Earth Magic
  2858 | D:5      | Reached skill level 2 in Poison Magic
  2859 | D:5      | You add the spells Olgreb's Toxic Radiance, Ozocubu's
                  | Refrigeration and Ignition to your library.
  2967 | D:5      | Reached skill level 9 in Bows
  3042 | D:5      | Reached skill level 3 in Invocations
  3140 | D:5      | Found a staircase to the Ecumenical Temple.
  3151 | D:5      | You pick up a book of Party Tricks and begin reading...
  3151 | D:5      | You add the spells Apportation and Alistair's Intoxication
                  | to your library.
  3202 | Temple   | Entered the Ecumenical Temple
  3483 | Temple   | Became a worshipper of Gozag Ym Sagoz the Greedy
  3763 | D:5      | Reached XP level 8. HP: 52/63 MP: 12/12
  3916 | D:6      | Found Ozigam's Armour Shop.
  3926 | D:6      | Reached skill level 3 in Short Blades
  3926 | D:6      | Reached skill level 3 in Long Blades
  3926 | D:6      | Reached skill level 3 in Axes
  3926 | D:6      | Reached skill level 3 in Maces & Flails
  3926 | D:6      | Reached skill level 3 in Polearms
  3926 | D:6      | Reached skill level 3 in Staves
  3926 | D:6      | Reached skill level 3 in Slings
  3926 | D:6      | Reached skill level 3 in Crossbows
  3926 | D:6      | Reached skill level 3 in Throwing
  3926 | D:6      | Reached skill level 3 in Armour
  3926 | D:6      | Reached skill level 3 in Shields
  3926 | D:6      | Reached skill level 3 in Unarmed Combat
  3926 | D:6      | Reached skill level 3 in Spellcasting
  3926 | D:6      | Reached skill level 3 in Evocations
  3962 | D:6      | Reached skill level 4 in Stealth
  3967 | D:6      | Noticed a wraith
  4477 | D:6      | Reached skill level 4 in Invocations
  4497 | D:6      | Reached skill level 3 in Conjurations
  4497 | D:6      | Reached skill level 3 in Hexes
  4497 | D:6      | Reached skill level 3 in Summonings
  4497 | D:6      | Reached skill level 3 in Necromancy
  4497 | D:6      | Reached skill level 3 in Translocations
  4497 | D:6      | Reached skill level 3 in Transmutations
  4497 | D:6      | Reached skill level 3 in Fire Magic
  4497 | D:6      | Reached skill level 3 in Ice Magic
  4497 | D:6      | Reached skill level 3 in Air Magic
  4497 | D:6      | Reached skill level 3 in Earth Magic
  4497 | D:6      | Reached skill level 3 in Poison Magic
  4669 | D:6      | Gained mutation: You are occasionally teleported next to
                  | monsters. [potion of mutation]
  4669 | D:6      | Gained mutation: You are agile. (Dex +2) [potion of
                  | mutation]
  4670 | D:6      | Lost mutation: You are agile. (Dex +2) [potion of mutation]
  4670 | D:6      | Lost mutation: You are occasionally teleported next to
                  | monsters. [potion of mutation]
  4670 | D:6      | Gained mutation: You expend magic power (3 MP) to
                  | strengthen your wands. [potion of mutation]
  4670 | D:6      | Gained mutation: You possess an exceptional clarity of
                  | mind. [potion of mutation]
  4670 | D:6      | Gained mutation: Your mind is acute. (Int +2) [potion of
                  | mutation]
  4879 | D:7      | Found a basalt altar of Yredelemnul.
  4879 | D:7      | Found a glowing silver altar of Zin.
  4879 | D:7      | Found an ornate altar of the Wu Jian Council.
  4879 | D:7      | Found an iron altar of Okawaru.
  4879 | D:7      | Found an ancient bone altar of Kikubaaqudgha.
  4890 | D:7      | Reached skill level 6 in Fighting
  4890 | D:7      | Reached skill level 6 in Dodging
  4963 | D:7      | Reached XP level 9. HP: 27/69 MP: 14/14
  5203 | D:7      | You pick up a book of Hexes and begin reading...
  5203 | D:7      | You add the spells Inner Flame, Cause Fear and Discord to
                  | your library.
  5357 | D:6      | Reached skill level 4 in Short Blades
  5357 | D:6      | Reached skill level 4 in Long Blades
  5357 | D:6      | Reached skill level 4 in Axes
  5357 | D:6      | Reached skill level 4 in Maces & Flails
  5357 | D:6      | Reached skill level 4 in Polearms
  5357 | D:6      | Reached skill level 4 in Staves
  5357 | D:6      | Reached skill level 4 in Slings
  5357 | D:6      | Reached skill level 4 in Crossbows
  5357 | D:6      | Reached skill level 4 in Throwing
  5357 | D:6      | Reached skill level 4 in Armour
  5357 | D:6      | Reached skill level 4 in Shields
  5357 | D:6      | Reached skill level 4 in Unarmed Combat
  5357 | D:6      | Reached skill level 4 in Spellcasting
  5357 | D:6      | Reached skill level 4 in Evocations
  5593 | D:6      | You pick up a book of Ice and begin reading...
  5593 | D:6      | You add the spells Freezing Cloud, Simulacrum and Polar
                  | Vortex to your library.
  6043 | D:7      | Noticed Menkaure
  6144 | D:7      | Noticed Joseph
  6153 | D:7      | Killed Joseph
  6154 | D:7      | Reached skill level 5 in Stealth
  6285 | D:7      | HP: 16/69 [wight/+0 halberd (5)]
  6702 | D:7      | HP: 16/70 [??? (13)]
  6708 | D:7      | HP: 10/70 [Menkaure (5)]
  6709 | D:7      | HP: 2/70 [Menkaure/nerve-wracking pain (9)]
  7050 | D:7      | Found a shimmering altar of Xom.
  7062 | D:7      | Found a sacrificial altar of Ru.
  7095 | D:7      | Killed Menkaure
  7096 | D:7      | Reached skill level 5 in Invocations
  7664 | D:8      | Noticed a hornet
  7669 | D:8      | Paralysed by a hornet for 1 turns
  7841 | D:8      | Noticed a kobold demonologist
  7842 | D:8      | Noticed a red devil
  8029 | D:8      | Noticed a kobold demonologist
  8048 | D:8      | Noticed an ice devil
  8096 | D:9      | Noticed a kobold demonologist
  8105 | D:9      | Noticed an ice devil
  8112 | D:9      | Killed a kobold demonologist
  8113 | D:9      | Reached skill level 4 in Conjurations
  8113 | D:9      | Reached skill level 4 in Hexes
  8113 | D:9      | Reached skill level 4 in Summonings
  8113 | D:9      | Reached skill level 4 in Necromancy
  8113 | D:9      | Reached skill level 4 in Translocations
  8113 | D:9      | Reached skill level 4 in Transmutations
  8113 | D:9      | Reached skill level 4 in Fire Magic
  8113 | D:9      | Reached skill level 4 in Ice Magic
  8113 | D:9      | Reached skill level 4 in Air Magic
  8113 | D:9      | Reached skill level 4 in Earth Magic
  8113 | D:9      | Reached skill level 4 in Poison Magic
  8113 | D:9      | Reached XP level 10. HP: 43/77 MP: 17/17
  8343 | D:9      | Found a transporter.
  8389 | D:9      | Reached skill level 5 in Short Blades
  8389 | D:9      | Reached skill level 5 in Long Blades
  8389 | D:9      | Reached skill level 5 in Axes
  8389 | D:9      | Reached skill level 5 in Maces & Flails
  8389 | D:9      | Reached skill level 5 in Polearms
  8389 | D:9      | Reached skill level 5 in Staves
  8389 | D:9      | Reached skill level 5 in Slings
  8389 | D:9      | Reached skill level 5 in Crossbows
  8389 | D:9      | Reached skill level 5 in Throwing
  8389 | D:9      | Reached skill level 5 in Armour
  8389 | D:9      | Reached skill level 5 in Shields
  8389 | D:9      | Reached skill level 5 in Unarmed Combat
  8389 | D:9      | Reached skill level 5 in Spellcasting
  8389 | D:9      | Reached skill level 5 in Evocations
  8626 | D:9      | Found a one-way gate to the infinite horrors of the Abyss.
  8626 | D:9      | Noticed a toenail golem
  8626 | D:9      | Noticed a toenail golem
  8631 | D:9      | Noticed conein's ghost (novice PaWr)
  8636 | D:9      | Noticed a skeletal warrior
  8674 | D:9      | Reached skill level 10 in Bows
  8742 | D:9      | Noticed a white ugly thing
  8784 | D:9      | Found a transporter.
  8791 | D:9      | Identified the +5 plate armour of Mental Paralysis {rF+ rN+
                  | rCorr}
  8869 | D:9      | Reached skill level 7 in Fighting
  8869 | D:9      | Reached skill level 7 in Dodging
  9030 | D:9      | Noticed a kobold demonologist
  9049 | D:9      | Killed a kobold demonologist
  9225 | D:9      | HP: 13/79 [orc priest/divine providence (12)]
  9227 | D:9      | HP: 5/79 [orc priest/divine providence (9)]
  9233 | D:9      | HP: 10/79 [wyvern (14)]
  9754 | D:9      | HP: 19/79 [troll (9)]
  9756 | D:9      | Reached skill level 6 in Stealth
  9756 | D:9      | Reached skill level 6 in Invocations
 10143 | D:10     | Entered Level 10 of the Dungeon
 10398 | D:10     | Noticed a two-headed ogre
 10421 | D:9      | Learned a level 4 spell: Olgreb's Toxic Radiance
 10546 | D:10     | Identified the +6 falchion of Exkeligo {pain, rC- rN+ Str+4
                  | Int+5}
 10809 | D:10     | Paralysed by a hornet for 3 turns
 10947 | D:10     | Noticed a brown ugly thing
 11160 | D:10     | HP: 6/79 [two-headed ogre/+0 giant spiked club (17)]
 11160 | D:10     | Slain by a two-headed ogre

Vanquished Creatures
  Joseph (D:7)
  2 kobold demonologists (D:9)
  A hornet (D:10)
  A troll (D:9)
  A wraith (D:6)
  3 wyverns
  Menkaure (D:7)
  An acid dragon (D:10)
  A water moccasin (D:6)
  A sky beast (D:7)
  2 orc warriors
  2 ice beasts
  An ogre (D:5)
  A centaur (D:9)
  3 phantoms
  5 kobold brigands
  A gnoll sergeant (D:6)
  2 bullfrogs
  A necrophage (D:6)
  2 scorpions (D:6)
  5 wights
  6 killer bees (D:9)
  4 howler monkeys
  6 orc priests
  4 hounds
  2 jellies
  2 gnoll shamans
  Natasha (thrice) (D:2)
  4 iguanas
  11 orc wizards
  16 gnolls
  4 adders
  2 shadow imps
  A white imp (D:6)
  An ufetubus (D:6)
  2 worms (D:2)
  2 dart slugs
  28 orcs
  8 ball pythons
  4 bats
  5 endoplasms
  3 giant cockroaches
  2 goblins (D:1)
  4 hobgoblins
  5 jackals
  30 kobolds
  4 quokkas
  3 frilled lizards
  4 rats
208 creatures vanquished.

Vanquished Creatures (collateral kills)
  A wyvern (D:9)
  An orc warrior (D:9)
  2 orc priests (D:9)
  A gnoll (D:9)
5 creatures vanquished.

Vanquished Creatures (others)
  A kobold brigand (D:9)
1 creature vanquished.

Grand Total: 214 creatures vanquished

Table legend:
 A = Non-vault XP
 B = Vault XP
 C = Vault XP percentage of total XP
 D = Non-vault monster count
 E = Vault monster count
 F = Vault count percentage of total count
                 A         B        C        D         E       F
            +---------+---------+-------+---------+---------+-------
      Total |    7727 |     710 |   8.4 |     207 |       7 |   3.3
            +---------+---------+-------+---------+---------+-------
        D:1 |      37 |       0 |   0.0 |      21 |       0 |   0.0
        D:2 |     111 |      35 |  24.0 |      16 |       1 |   5.9
        D:3 |      44 |      48 |  52.2 |      16 |       4 |  20.0
        D:4 |     423 |       0 |   0.0 |      21 |       0 |   0.0
        D:5 |     583 |       0 |   0.0 |      14 |       0 |   0.0
        D:6 |    1494 |       0 |   0.0 |      36 |       0 |   0.0
        D:7 |     699 |     627 |  47.3 |      14 |       2 |  12.5
        D:8 |     501 |       0 |   0.0 |      16 |       0 |   0.0
        D:9 |    3023 |       0 |   0.0 |      47 |       0 |   0.0
       D:10 |     812 |       0 |   0.0 |       6 |       0 |   0.0
            +---------+---------+-------+---------+---------+-------

Illustrated notes

Table legend:
 A = Kills in this place as a percentage of kills in entire the game.
 B = Kills by you in this place as a percentage of kills by you in the entire game.
 C = Kills by friends in this place as a percentage of kills by friends in the entire game.
 D = Other kills in this place as a percentage of other kills in the entire game.
 E = Experience gained in this place as a percentage of experience gained in the entire game.
 F = Experience gained in this place divided by the number of levels of this place that you have seen.
                   A       B       C       D       E      F
               +-------+-------+-------+-------+-------+----------------------
         Total | 100.0 | 100.0 | 100.0 | 100.0 | 100.0 | 767.0
       Dungeon | 100.0 | 100.0 | 100.0 | 100.0 | 100.0 | 843.7
               +-------+-------+-------+-------+-------+----------------------

Table legend: (Time is in decaauts)
 A = Elapsed time spent in this place.
 B = Non-inter-level travel time spent in this place.
 C = Inter-level travel time spent in this place.
 D = Time resting spent in this place.
 E = Time spent auto-exploring this place.
 F = Levels seen in this place.
 G = Mean time per level.
                   A        B        C        D        E       F      G
               +--------+--------+--------+--------+--------+-----+--------+
         Total |  11219 |  10951 |    268 |   1774 |   7214 |  11 | 1019.9 |
       Dungeon |  10924 |  10670 |    254 |   1774 |   6956 |  10 | 1092.4 |
        Temple |    294 |    281 |     13 |      0 |    258 |   1 |  294.0 |
               +--------+--------+--------+--------+--------+-----+--------+

Top non-repeatable levels by time:
     D:9: 2226 daAuts
     D:6: 1830 daAuts
     D:7: 1539 daAuts
     D:2: 919 daAuts
    D:10: 870 daAuts
     D:8: 810 daAuts
     D:4: 808 daAuts
     D:5: 774 daAuts
     D:1: 617 daAuts
     D:3: 527 daAuts
  Temple: 294 daAuts
